 Dungeon Sprint DCSS version 0.20.1-1-g8b1a95d (webtiles) character file.

25628 potatolord6000 the Severer (level 13, -16/134 HPs)
             Began as a Hill Orc Fighter on Sept 8, 2017.
             Was the Champion of Beogh.
             Demolished by an orc knight
             ... wielding a +3 bardiche of chopping
              (26 damage)
             ... in the Dungeon (Sprint VII: "The Pits") on Sept 10, 2017.
             The game lasted 00:23:28 (3011 turns).

potatolord6000 the Severer (Hill Orc Fighter)       Turns: 3011, Time: 00:23:28

Health: -16/134    AC: 32    Str: 29    XL:     13   Next: 20%
Magic:  2/26       EV:  8    Int:  8    God:    Beogh [******]
Gold:   14         SH: 17    Dex: 10    Spells: 12/12 levels left

rFire    . . .     SeeInvis .   t - +6 broad axe (chop)
rCold    . . .     Gourm    .   c - +2 shield
rNeg     . . .     Faith    .   a - +5 plate armour
rPois    .         Spirit   .   (no helmet)
rElec    .         Reflect  .   d - +0 cloak
rCorr    .         Harm     .   (no gloves)
MR       .....     NoTele   +   (no boots)
Stlth    ..........             (no amulet)
Regen    0.4/turn               b - +3 ring of protection
MPRegen  0.2/turn               u - +5 ring of protection

@: mighty
A: walk on water
a: Smiting, Recall Orcish Followers, Give Item to Named Follower, Resurrection,
Renounce Religion


You were in the Dungeon.
You worshipped Beogh.
Beogh was exalted by your worship.
You were not hungry.

You visited 1 branch You collected 14 gold pieces.

Inventory:

Hand Weapons
 t - a +6 broad axe of chopping (weapon)
Armour
 a - a +5 plate armour (worn)
 c - a +2 shield (worn)
 d - a +0 cloak (worn)
Jewellery
 b - a +3 ring of protection (left hand)
 u - a +5 ring of protection (right hand)
Wands
 e - a wand of enslavement (4/24)
Scrolls
 k - a scroll of blinking
 m - 4 scrolls of remove curse
 n - 5 scrolls of amnesia
 o - a scroll of summoning
 x - a scroll of recharging
 y - a scroll of identify
 z - a scroll of fear
Potions
 g - 3 potions of brilliance
 h - a potion of agility
 i - 3 potions of magic
 j - 4 potions of berserk rage
 l - 2 potions of invisibility
 r - 4 potions of curing
Comestibles
 f - 9 bread rations
 p - 40 fruits
 q - 5 meat rations
 v - 6 royal jellies


   Skills:
 + Level 17.7 Fighting
 + Level 19.0 Axes
 + Level 16.5 Armour
 + Level 16.5 Shields
 + Level 18.5 Invocations


You had 12 spell levels left.
You didn't know any spells.

Dungeon Overview and Level Annotations

Branches:
Dungeon (1/1)

Altars:
Ashenzari
Cheibriados
Dithmenos
Elyvilon
Fedhas
Gozag
Hepliaklqana
Kikubaaqudgha
Makhleb
Nemelex Xobeh
Okawaru
Qazlal
Ru
Sif Muna
Trog
Uskayaw
Vehumet
Xom
Yredelemnul
Zin
The Shining One
Beogh
Jiyva
Lugonu


Message History

Gorm hits the orc knight but does no damage.
The orc knight hits Gorm with a war axe!
You block the orc knight's attack.
The orc knight hits your orc high priest with a war axe!
Unknown command.
Unknown command.
Unknown command.
You feel much better. You block the naga warrior's attack.
The naga warrior barely misses your orc knight.
You block the naga warrior's attack.
The yaktaur captain shoots a bolt.
The bolt hits you!
* * * LOW HITPOINT WARNING * * *
Your orc high priest hits the orc knight but does no damage.
The orc knight is poisoned.
The orc knight hits you with a dire flail!
* * * LOW HITPOINT WARNING * * *
You block the orc knight's attack.
The orc knight hits you with a bardiche of chopping!!
You die...
Beogh appreciates the orc knight's killing of a heretic priest.

..+ ..+ ''#
''###############################
........................)........
................3................
..##############oo##############o
..# #..ooc.# #. ..# #.o@(..# #o
..# #.oN...# #. ..# ###o.### #o
..# ..†. #. ..# ..... #. ..#
#....## #. ..# #....# #. ..#
##..## #. ### #+


You could see a naga warrior, a yaktaur captain, 4 orc knights, a friendly orc
knight, a friendly soul eater, a friendly orc high priest and the friendly Gorm
the orc sorcerer.

Vanquished Creatures
  Agnes (D)
  2 orc warlords (D)
  An apis (D)
  A purple draconian (D)
  An eidolon (D)
  A deep elf death mage (D)
  2 ice dragons (D)
  A rakshasa (D)
  2 death knights (D)
  A hell beast (D)
  A death yak (D)
  Sonja (D)
  A spriggan druid (D)
  A swamp dragon (D)
  2 phantasmal warriors (D)
  A deep elf mage (D)
  Maurice (D)
  A guardian serpent (D)
  A molten gargoyle (D)
  A rime drake (D)
  A freezing wraith (D)
  4 ice devils (D)
  A demonic crawler (D)
  A wandering mushroom (D)
  A troll (D)
  A polar bear (D)
  2 tyrant leeches (D)
  A snapping turtle (D)
  A hippogriff (shapeshifter) (D)
  A redback (D)
  A flying skull (D)
  2 fire elementals (D)
  A vampire (D)
  2 wraiths (D)
  2 steam dragons (D)
  3 yaks (D)
  2 basilisks (D)
  A chaos spawn (D)
  3 wargs (D)
  2 acid dragons (D)
  2 orc warriors (D)
  A sky beast (D)
  2 ice beasts (D)
  An ogre (D)
  5 wolves (D)
  A centaur (D)
  A crocodile (D)
  5 wights (D)
  2 jellies (D)
  2 orc wizards (D)
  A hound (D)
  3 orc priests (D)
  3 worker ants (D)
  A mummy (D)
  An ooze (D)
  An adder zombie (D)
  2 adder skeletons (D)
  An adder simulacrum (D)
  5 orcs (D)
  A ball python (D)
  A bat (D)
  A bat zombie (D)
  A goblin (D)
  2 hobgoblins (D)
  2 frilled lizards (D)
  A quokka skeleton (D)
  A rat (D)
107 creatures vanquished.

Vanquished Creatures (collateral kills)
  A death yak (D)
  A sea snake (D)
  A deep troll (D)
  A lindwurm (D)
  2 orc knights (D)
  An orange demon (D)
  A spiny frog (D)
  Psyche (D)
  A wandering mushroom (D)
  A tyrant leech (D)
  A tarantella (D)
  A vampire (D)
  A yak (D)
  A vampire mosquito (D)
  2 acid dragons (D)
  A phantom (D)
  A wolf (D)
  A leopard gecko (D)
  An orc (D)
  A rat (D)
22 creatures vanquished.

Vanquished Creatures (others)
  2 orc knights (D)
  2 orc high priests (D)
  An unseen horror (D)
  An orc wizard (D)
  2 orc warriors (D)
  An orc priest (D)
  6 orcs (D)
15 creatures vanquished.

Grand Total: 144 creatures vanquished

Notes
Turn   | Place    | Note
-------+----------+-------------------------------------------
     0 | D        | potatolord6000 the Hill Orc Fighter began the quest for the Orb.
     0 | D        | Reached XP level 1. HP: 19/19 MP: 1/1
    11 | D        | Noticed a worker ant
    15 | D        | Killed a worker ant
    15 | D        | Reached skill level 4 in Axes
    15 | D        | Reached XP level 2. HP: 26/28 MP: 2/2
    15 | D        | Reached XP level 3. HP: 33/35 MP: 3/3
    43 | D        | Found a bloodstained altar of Trog.
    43 | D        | Found a deep blue altar of Sif Muna.
    43 | D        | Found a viscous altar of Jiyva.
    43 | D        | Found a hazy altar of Hepliaklqana.
    43 | D        | Found an opulent altar of Gozag.
    44 | D        | Found a glowing golden altar of the Shining One.
    44 | D        | Found a glowing silver altar of Zin.
    44 | D        | Found a basalt altar of Yredelemnul.
    44 | D        | Found a shimmering altar of Xom.
    44 | D        | Found a sacrificial altar of Ru.
    44 | D        | Found a stormy altar of Qazlal.
    44 | D        | Found an iron altar of Okawaru.
    44 | D        | Found a sparkling altar of Nemelex Xobeh.
    44 | D        | Found a burning altar of Makhleb.
    44 | D        | Found a blossoming altar of Fedhas.
    44 | D        | Found a white marble altar of Elyvilon.
    44 | D        | Found a shadowy altar of Dithmenos.
    44 | D        | Found a snail-covered altar of Cheibriados.
    46 | D        | Found a radiant altar of Vehumet.
    46 | D        | Found a corrupted altar of Lugonu.
    46 | D        | Found a roughly hewn altar of Beogh.
    48 | D        | Found an ancient bone altar of Kikubaaqudgha.
    48 | D        | Found a hide-covered altar of Uskayaw.
    48 | D        | Found a shattered altar of Ashenzari.
    56 | D        | Became a worshipper of Beogh the Brigand
   144 | D        | Reached * piety under Beogh
   144 | D        | Reached skill level 5 in Fighting
   150 | D        | Noticed an ice beast
   157 | D        | Reached skill level 5 in Axes
   157 | D        | Reached skill level 5 in Armour
   157 | D        | Reached skill level 5 in Shields
   169 | D        | Killed an ice beast
   169 | D        | Reached ** piety under Beogh
   169 | D        | Reached skill level 6 in Axes
   169 | D        | Reached XP level 4. HP: 39/45 MP: 4/7
   169 | D        | Reached XP level 5. HP: 44/51 MP: 4/8
   258 | D        | Noticed a phantom
   259 | D        | Reached *** piety under Beogh
   259 | D        | Reached skill level 7 in Axes
   259 | D        | Reached skill level 5 in Invocations
   269 | D        | Reached XP level 6. HP: 59/60 MP: 8/10
   275 | D        | Reached skill level 8 in Axes
   283 | D        | Reached **** piety under Beogh
   305 | D        | Reached ***** piety under Beogh
   307 | D        | Reached skill level 9 in Axes
   313 | D        | Reached XP level 7. HP: 11/69 MP: 12/12
   357 | D        | Noticed a flying skull
   360 | D        | Killed a flying skull
   360 | D        | Reached skill level 10 in Axes
   390 | D        | Reached ****** piety under Beogh
   581 | D        | Noticed a sea snake
   581 | D        | Noticed a wandering mushroom
   583 | D        | Reached skill level 10 in Fighting
   583 | D        | Reached XP level 8. HP: 79/79 MP: 10/15
   585 | D        | Killed a sea snake
   585 | D        | Reached skill level 11 in Axes
   585 | D        | Reached skill level 10 in Invocations
   620 | D        | Killed a wandering mushroom
   620 | D        | Reached skill level 10 in Armour
   620 | D        | Reached skill level 10 in Shields
   856 | D        | Noticed a wraith
   857 | D        | Noticed a molten gargoyle
   858 | D        | Killed a molten gargoyle
   858 | D        | Reached XP level 9. HP: 89/89 MP: 17/17
   860 | D        | Reached skill level 12 in Axes
   860 | D        | Gained Okrist as an ally
   865 | D        | Noticed an orc high priest
   886 | D        | Gained Gorm as an ally
   887 | D        | Your ally Okrist died
   917 | D        | Noticed an ice devil
   920 | D        | Killed an ice devil
   920 | D        | Reached skill level 13 in Axes
   955 | D        | Noticed a rime drake
   957 | D        | Killed a rime drake
   957 | D        | Reached XP level 10. HP: 93/99 MP: 8/19
  1209 | D        | Reached skill level 14 in Axes
  1412 | D        | Killed an unseen horror
  1415 | D        | Noticed Sonja
  1418 | D        | Killed Sonja
  1418 | D        | Reached XP level 11. HP: 53/110 MP: 17/21
  1422 | D        | Reached skill level 15 in Axes
  1839 | D        | Noticed a lindwurm
  1847 | D        | Killed a lindwurm
  1891 | D        | Noticed Maurice
  1903 | D        | Killed Maurice
  1919 | D        | Noticed a phantasmal warrior
  1924 | D        | Killed a phantasmal warrior
  1924 | D        | Reached skill level 15 in Invocations
  2006 | D        | Noticed an apis
  2006 | D        | Noticed an ice dragon
  2006 | D        | Noticed a hell beast
  2008 | D        | Noticed a purple draconian
  2011 | D        | Noticed a death knight
  2011 | D        | Killed an apis
  2015 | D        | Killed a hell beast
  2015 | D        | Reached skill level 15 in Fighting
  2015 | D        | Reached skill level 16 in Axes
  2017 | D        | Your ally Gorm died
  2018 | D        | Killed a purple draconian
  2021 | D        | Killed an ice dragon
  2027 | D        | Killed a death knight
  2410 | D        | Noticed a deep troll
  2413 | D        | Noticed a rakshasa
  2414 | D        | Noticed a death knight
  2419 | D        | Killed a deep troll
  2419 | D        | Reached XP level 12. HP: 95/122 MP: 24/24
  2421 | D        | Noticed Psyche
  2422 | D        | Killed a rakshasa
  2422 | D        | Reached skill level 17 in Axes
  2428 | D        | Killed a death knight
  2434 | D        | Noticed an eidolon
  2434 | D        | Killed Psyche
  2434 | D        | Reached skill level 15 in Armour
  2434 | D        | Reached skill level 15 in Shields
  2440 | D        | Killed an eidolon
  2444 | D        | Noticed a deep elf death mage
  2447 | D        | Killed a deep elf death mage
  2457 | D        | Noticed a death yak
  2459 | D        | Noticed an ice dragon
  2464 | D        | Killed a death yak
  2467 | D        | Reached skill level 18 in Axes
  2472 | D        | Killed an ice dragon
  2980 | D        | Noticed a death yak
  2985 | D        | Noticed an orc warlord
  2985 | D        | Noticed an orc warlord
  2986 | D        | Noticed Agnes
  2988 | D        | Noticed a yaktaur captain
  2990 | D        | Killed a death yak
  2993 | D        | Noticed a naga warrior
  2995 | D        | Killed an orc warlord
  2995 | D        | Reached XP level 13. HP: 116/132 MP: 8/26
  3002 | D        | Killed an orc warlord
  3002 | D        | Gained Boderik as an ally
  3004 | D        | Killed Agnes
  3005 | D        | Your ally Boderik died
  3008 | D        | Reached skill level 19 in Axes
  3011 | D        | Demolished by an orc knight

Skill      XL: |  1  2  3  4  5  6  7  8  9 10 11 12 13 |
---------------+----------------------------------------+-----
Fighting       | 4 6 7 8 10 11 12 14 15 17 | 17.7
Axes           | 4 6 7 9 10 11 13 14 16 18 19 | 19.0
Armour         | 4 6 7 9 10 11 13 14 16 | 16.5
Shields        | 4 6 7 9 10 11 13 14 16 | 16.5
Invocations    | 4 5 7 9 11 12 14 16 18 | 18.5

Action                   |  1- 3 |  4- 6 |  7- 9 | 10-12 | 13-15 || total
-------------------------+-------+-------+-------+-------+-------++-------
Melee: War axe           |    38 |    54 |    30 |       |       ||   122
       Broad axe         |       |       |    23 |   151 |    12 ||   186
Invok: Smiting           |       |       |    15 |    39 |     1 ||    55
       Resurrection      |       |       |     2 |     1 |       ||     3
       Give Item to Name |       |       |       |     1 |       ||     1
  Use: Potion            |     2 |     5 |     7 |     8 |     2 ||    24
       Scroll            |       |       |       |     9 |       ||     9
 Stab: Distracted        |       |       |     1 |     2 |       ||     3
       Paralysed         |       |       |       |     5 |       ||     5
  Eat: Meat ration       |       |       |       |     2 |       ||     2
Armor: Scale mail        |     9 |       |       |       |       ||     9
       Chain mail        |       |    30 |     4 |       |       ||    34
       Plate armour      |       |       |    26 |   128 |     9 ||   163
Dodge: Dodged            |    12 |    11 |    11 |    30 |     3 ||    67
Block: Shield            |    14 |    36 |    32 |   141 |    20 ||   243
